 Dungeon Crawl Stone Soup version 0.29-a0-344-ge2f44be95a (webtiles) character file.

Game seed: 15665747228342787435

471 Jortsu the Grave Robber (level 6, -6/43 HPs)
             Began as a Mummy Necromancer on Apr 21, 2022.
             Mangled by a wight
             ... wielding a +5 trident
              (7 damage)
             ... on level 4 of the Dungeon.
             The game lasted 00:12:53 (6630 turns).

Jortsu the Grave Robber (Mummy Necromancer)         Turns: 6630, Time: 00:12:54

Health: -6/43      AC:  9    Str: 11    XL:     6   Next: 83%
Magic:  14/14      EV: 12    Int: 23    God:
Gold:   147        SH:  0    Dex: 12    Spells: 2/16 levels left

rFire   + . .      SeeInvis .   j - +3 Elemental Staff {rElec rF++ rC++ AC+5}
rCold   + + +      Faith    .   (no shield)
rNeg    + + +      Spirit   .   a - +1 robe
rPois   ∞          Reflect  .   (no helmet)
rElec   +          Harm     .   (no cloak)
rCorr   .          Rampage  .   k - +0 pair of gloves
Will    .....                   (no boots)
Stlth   ++........              (no amulet)
HPRegen 0.14/turn               d - +6 ring of intelligence
MPRegen 0.14/turn               (no ring)

@: no status effects
A: cold resistance 1, negative energy resistance 3, torment resistance 2, heat
vulnerability 1, in touch with death 1, no potions
a: no special abilities


You were on level 4 of the Dungeon.
You visited 1 branch of the dungeon, and saw 4 of its levels.

You collected 147 gold pieces.

Inventory:

Hand Weapons
 f - a +1 dagger of flaming
 j - the +3 Elemental Staff (weapon) {rElec rF++ rC++ AC+5}
   (You acquired it on level 4 of the Dungeon)

   If the wielder is skilled in Evocations, they can discharge powerful blasts
   of elemental energy when striking with it.
   It enhances your fire, ice, earth and air magic.
   AC:        It affects your AC (+5).
   rF:        It greatly protects you from fire.
   rC:        It greatly protects you from cold.
   rElec:     It insulates you from electricity.
Armour
 a - a +1 robe (worn)
 k - a +0 pair of gloves (worn)
Magical Staves
 g - a staff of death
Jewellery
 d - a +6 ring of intelligence (left hand)
Wands
 b - a wand of flame (20)
Scrolls
 c - 4 scrolls of identify
 e - 2 scrolls of teleportation
 h - a scroll of silence
 i - a scroll of torment


   Skills:
 + Level 1.1 Fighting
 + Level 0.1 Short Blades
 + Level 1.0 Staves
 + Level 2.1 Dodging
 + Level 2.1 Stealth
 + Level 5.9 Spellcasting
 + Level 6.0 Necromancy


You had 2 spell levels left.
You knew the following spells:

 Your Spells              Type           Power      Damage    Failure   Level
a - Pain                  Necr           100%       1d9       1%          1
b - Animate Skeleton      Necr           100%       N/A       1%          1
c - Vampiric Draining     Necr           51%        2d9       2%          3
d - Animate Dead          Necr           25%        N/A       7%          4
e - Agony                 Necr           51%        N/A       21%         5

Your spell library contained the following spells:

 Spells                   Type           Power      Damage    Failure   Level


Dungeon Overview and Level Annotations

Branches:
Dungeon (4/15)
 Temple: D:4-7

Altars:
Nemelex Xobeh


Innate Abilities, Weirdness & Mutations

You are immune to poison.
Your flesh is cold resistant. (rC+)
You are immune to negative energy. (rN+++)
You are immune to unholy pain and torment.
You are vulnerable to heat. (rF-)
You are in touch with the powers of death.
You do not drink.


Message History

You hit the adder zombie.
The adder zombie is moderately damaged.
The adder zombie bites you.
You hit the adder zombie.
The adder zombie is heavily damaged.
The adder zombie closely misses you.
You barely miss the adder zombie.
The adder zombie is heavily damaged.
The adder zombie misses you.
You sock the adder zombie!
You destroy the adder zombie!
There is an open door here.
You open the door.
A wight comes into view. It is wielding a +5 trident.
The wight hits you from afar with a +5 trident!
The wight hits you with a +5 trident.
There is an open door here.
You closely miss the wight. The wight hits you with a +5 trident.
You hit the wight.
The wight is lightly damaged.
The wight closely misses you.
You hit the wight but do no damage.
The wight is lightly damaged.
The wight closely misses you.
You closely miss the wight.
The wight is lightly damaged.
The wight hits you with a +5 trident! x2
* * * LOW HITPOINT WARNING * * *
You barely miss the wight.
The wight is lightly damaged.
The wight hits you with a +5 trident.
* * * LOW HITPOINT WARNING * * *
You hit the wight.
The wight is heavily damaged.
The wight hits you with a +5 trident.
* * * LOW HITPOINT WARNING * * *
You hit the wight.
The wight is severely damaged.
The wight hits you with a +5 trident!
You die...

#......#.........#....
#...####..###....##...
#...# #..###....##...
###### #.........#....
+.+ #.........#....
#.# #.........#....
+.+ ######..######.
###.#####.##..######.
#.'.@z##.............
###.####.............
#.'.'.##.............
###.####...<.........
#.'.'.#####..###.###.
###.############.###.
#.'.'.#...#...#......
###.###...#...#......
#'###...#...#......


You could see a wight.

Vanquished Creatures
  A scorpion (D:4)
  A bullfrog zombie (D:4)
  A hound (D:4)
  3 orc priests (D:4)
  An orc wizard (D:4)
  3 scorpion zombies (D:4)
  4 gnolls (D:4)
  2 adders
  3 adder zombies (D:4)
  A worm (D:2)
  2 dart slugs
  6 orcs
  9 ball pythons
  An endoplasm (D:3)
  4 giant cockroaches
  7 goblins
  5 hobgoblins
  10 jackals
  4 quokkas
  5 bats
  3 frilled lizards
  6 kobolds
  4 rats
86 creatures vanquished.

Vanquished Creatures (others)
  6 plants (D:4)
6 creatures vanquished.

Grand Total: 92 creatures vanquished

Notes
Turn   | Place    | Note
-------+----------+-------------------------------------------
     0 | D:1      | Jortsu the Mummy Necromancer began the quest for the Orb.
     0 | D:1      | Reached XP level 1. HP: 13/13 MP: 4/4
   345 | D:1      | Reached XP level 2. HP: 15/19 MP: 0/5
   956 | D:1      | Gained mutation: You are in touch with the powers of death.
                  | [Mummy growth]
   956 | D:1      | Reached XP level 3. HP: 20/24 MP: 2/7
  1157 | D:1      | Found a faded altar of an unknown god.
  1536 | D:2      | Learned a level 1 spell: Animate Skeleton
  1540 | D:2      | Learned a level 3 spell: Vampiric Draining
  2733 | D:3      | Found a sparkling altar of Nemelex Xobeh.
  2946 | D:3      | Reached XP level 4. HP: 29/30 MP: 6/9
  3555 | D:3      | Reached skill level 5 in Necromancy
  3703 | D:4      | Noticed a scorpion
  3712 | D:4      | Killed a scorpion
  3713 | D:4      | Reached XP level 5. HP: 36/36 MP: 3/11
  4198 | D:4      | Reached skill level 5 in Spellcasting
  4693 | D:4      | Learned a level 4 spell: Animate Dead
  4699 | D:4      | Learned a level 5 spell: Agony
  4833 | D:4      | Reached XP level 6. HP: 32/42 MP: 10/14
  6008 | D:4      | Reached skill level 1 in Fighting
  6008 | D:4      | Reached skill level 6 in Necromancy
  6599 | D:4      | Identified a scroll of acquirement
  6600 | D:4      | Acquired the +3 Elemental Staff {rElec rF++ rC++ AC+5}
  6600 | D:4      | Found the +3 Elemental Staff {rElec rF++ rC++ AC+5}
  6610 | D:4      | Reached skill level 1 in Staves
  6629 | D:4      | HP: 1/43 [wight/+5 trident (2)]
  6630 | D:4      | Mangled by a wight

Illustrated notes

Levels and vault maps discovered:
D:1:      shiori_arrival_oz, layout_rooms,
          shapermc_ecumenical_altar_mp_highgroup
D:2:      layout_basic
D:3:      layout_basic, mainiacjoe_overflow_chevrons, serial_curves,
          eino_curves_03, eino_curves_02, minmay_misc_feat_x
D:4:      layout_gridville, lemuel_mausoleum_altar_kikubaaqudgha,
          serial_bayou_pond_a

Skill      XL: |  1  2  3  4  5  6 |
---------------+-------------------+-----
Spellcasting   | 3 4 5 |  5.9
Necromancy     | 5 6 |  6.0
Stealth        | 2 |  2.1
Dodging        | 2 |  2.1
Fighting       | 1 |  1.1
Staves         | 1 |  1.0
Short Blades   | |  0.1

Action                   |  1- 3 |  4- 6 || total
-------------------------+-------+-------++-------
Melee: Unarmed           |    11 |       ||    11
       Whip              |    20 |       ||    20
       Dagger            |     5 |    13 ||    18
       Staff             |       |   124 ||   124
       Punch             |       |     3 ||     3
 Cast: Pain              |    77 |    49 ||   126
       Vampiric Draining |     1 |    14 ||    15
       Agony             |       |     1 ||     1
  Use: Scroll            |     5 |     5 ||    10
 Stab: Sleeping          |       |     4 ||     4
Armor: Robe              |     7 |    37 ||    44
Dodge: Dodged            |    57 |    97 ||   154

Table legend: (Time is in decaauts)
 A = Elapsed time spent in this place.
 B = Non-inter-level travel time spent in this place.
 C = Inter-level travel time spent in this place.
 D = Time resting spent in this place.
 E = Time spent auto-exploring this place.
 F = Levels seen in this place.
 G = Mean time per level.
                   A        B        C        D        E       F      G
               +--------+--------+--------+--------+--------+-----+--------+
         Total |   6657 |   6574 |     83 |   3323 |   2276 |   4 | 1664.2 |
       Dungeon |   6657 |   6574 |     83 |   3323 |   2276 |   4 | 1664.2 |
               +--------+--------+--------+--------+--------+-----+--------+

Top non-repeatable levels by time:
     D:4: 2442 daAuts
     D:3: 1593 daAuts
     D:1: 1401 daAuts
     D:2: 1219 daAuts
